 Dungeon Crawl Stone Soup version 0.20.1-1-g8b1a95d (webtiles) character file.

70 renl the Covered (level 4, 0/37 HPs)
             Began as a Barachi Fighter on July 14, 2017.
             Succumbed to Robin's poison
             ... on level 2 of the Dungeon.
             The game lasted 00:10:54 (1297 turns).

renl the Covered (Barachi Fighter)                  Turns: 1297, Time: 00:10:54

Health: 0/37       AC: 10    Str: 18    XL:     4   Next: 22%
Magic:  4/4        EV:  7    Int:  8    God:
Gold:   73         SH:  9    Dex: 12    Spells: 3/3 levels left

rFire    . . .     SeeInvis .   a - +0 long sword
rCold    . . .     Gourm    .   c - +0 shield
rNeg     . . .     Faith    .   b - +0 scale mail
rPois    .         Spirit   .   (no helmet)
rElec    .         Reflect  .   (no cloak)
rCorr    .         Harm     .   n - +2 pair of gloves
MR       .....                  (no boots)
Stlth    ..........             (no amulet)
Regen    0.2/turn               (no ring)
MPRegen  0.1/turn               (no ring)

@: lethally poisoned (0 -> -25), slow
A: +LOS, swims, slowness 1, strong legs 1
a: Hop


You were on level 2 of the Dungeon.
You were not hungry.

You visited 1 branch of the dungeon, and saw 2 of its levels.

You collected 73 gold pieces.

Inventory:

Hand Weapons
 a - a +0 long sword (weapon)
Armour
 b - a +0 scale mail (worn)
 c - a +0 shield (worn)
 n - a +2 pair of gloves (worn)
Scrolls
 e - a scroll of random uselessness {unknown}
 i - 2 scrolls of identify {unknown}
 k - a scroll of teleportation {unknown}
 m - 2 scrolls of amnesia {unknown}
 p - a scroll of fear {unknown}
 t - a scroll of recharging {unknown}
 u - a scroll of noise {unknown}
Potions
 d - 2 potions of might
 l - a potion of invisibility {unknown}
 o - a potion of resistance {unknown}
 q - a potion of haste {unknown}
 s - a potion of ambrosia {unknown}
Books
 r - a book of Cantrips

   Spells                             Type                      Level
   a - Confusing Touch                Hexes                        1
   b - Animate Skeleton               Necromancy                   1
   c - Summon Small Mammal            Summoning                    1
   d - Apportation                    Translocation                1
Comestibles
 f - a bread ration
 g - a fruit
 h - 12 chunks of flesh


   Skills:
 + Level 4.3 Fighting
 + Level 3.5 Long Blades
 + Level 4.3 Armour
 + Level 1.3 Dodging
 - Level 3.2 Shields


You had 3 spell levels left.
You didn't know any spells.

Dungeon Overview and Level Annotations

Branches:
Dungeon (2/15)

Altars:

Annotations:
D:2 Robin


Innate Abilities, Weirdness & Mutations

Shadows flee at your approach. (+LOS)
You can swim through water.
You cover ground slowly.
You can hop short distances.


Message History

You hit Robin.
Robin is almost dead.
* * * LOW HITPOINT WARNING * * *
You feel sick. You block the kobold's attack.
Robin hits you with a trident of venom.
* * * LOW HITPOINT WARNING * * *
You are more poisoned.
Your scale mail prevents you from hitting Robin.
Robin is almost dead.
* * * LOW HITPOINT WARNING * * *
You feel very sick. The kobold hits you but does no damage.
You block Robin's attack. The kobold hits you but does no damage.
You barely miss Robin.
Robin is almost dead.
* * * LOW HITPOINT WARNING * * *
You feel very sick. You block Robin's attack.
The kobold hits you but does no damage.
It was a potion of cancellation.
You feel magically purged.
You die...

######## ........ #######
........ #...... ........
#...... ........ (......
.......g## ####......
.......K@#######.##......
.........................
########.######.<..รท.....
...# ####..)#...... #.##.#
#....).#...... #.
#.....##)#.#...... # #.###
##.#.###.### #.#
###..#.###.# ###.#
#...#......#


You could see Robin and a kobold.

Vanquished Creatures
  An adder (D:2)
  2 worms (D:2)
  A dart slug (D:1)
  A leopard gecko (D:2)
  3 giant cockroaches (D:1)
  12 goblins
  11 hobgoblins
  A quokka (D:2)
  4 bats
  A frilled lizard (D:2)
  5 kobolds
  4 rats (D:1)
46 creatures vanquished.

Notes
Turn   | Place    | Note
-------+----------+-------------------------------------------
     0 | D:1      | renl the Barachi Fighter began the quest for the Orb.
     0 | D:1      | Reached XP level 1. HP: 18/18 MP: 1/1
   203 | D:1      | Reached XP level 2. HP: 11/25 MP: 2/2
   824 | D:1      | Reached XP level 3. HP: 28/30 MP: 3/3
  1093 | D:2      | Reached skill level 1 in Dodging
  1149 | D:2      | Noticed Robin
  1180 | D:2      | Reached XP level 4. HP: 19/37 MP: 4/4
  1296 | D:2      | HP: 1/37 [poisoned by Robin]
  1297 | D:2      | Succumbed to Robin's poison

Skill      XL: |  1  2  3 |
---------------+----------+-----
Armour         | 4 |  4.3
Fighting       | 4 |  4.3
Dodging        | 1 |  1.3
Long Blades    | 3 |  3.5
Shields        | |  3.2

Action                   |  1- 3 |  4- 6 || total
-------------------------+-------+-------++-------
Melee: Long sword        |   139 |    42 ||   181
  Use: Potion            |       |     1 ||     1
  Eat: Chunk             |     2 |       ||     2
Armor: Scale mail        |    84 |    32 ||   116
Dodge: Dodged            |    32 |    16 ||    48
Block: Shield            |    86 |    37 ||   123
       Rpst.: Long sword |    13 |     6 ||    19
